[Event "12th Arad Open 2019"]
[Site "Arad"]
[Date "2019.07.31"]
[Round "9.35"]
[White "Ghimpu, Samuel-Timotei"]
[Black "Breitkopf, Francisc"]
[Result "1-0"]
[ECO "C50"]
[WhiteElo "2193"]
[BlackElo "1994"]
[Annotator "NA"]
[PlyCount "83"]
[EventDate "2019.07.24"]
[EventType "swiss"]
[EventCountry "ROU"]
[SourceTitle "playchess.com"]
[Source "ChessBase"]
[SourceQuality "1"]
[TimeControl "40/5400+30:900+30"]

1. e4 e5 2. Nf3 Nc6 3. Bc4 Be7 4. O-O Nf6 5. Re1 d6 6. h3 Na5 7. Bf1 c5 8. c3 O-O 9. d4 Qc7 10. Na3 a6 11. b4 cxb4 12. cxb4 Nc6 13. d5 Nxb4 14. Bd2 a5 15. Nc4 b6 16. Rc1 Qb8 17. a3 Na6 18. Rb1 Bd8 19. Bxa5 b5 20. a4 Bxa5 21. Nxa5 Nc5 22. Nc6 Qc7 23. axb5 Nfxe4 24. b6 Qb7 25. Nd2 Nc3 26. Qf3 Nxb1 27. Rxb1 Ra4 28. Nc4 Qd7 29. Qc3 Bb7 30. N4xe5 dxe5 31. Qxc5 Re8 32. Bb5 Qf5 33. Rf1 Raa8 34. d6 Qg5 35. g3 Bc8 36. Ne7+ Kh8 37. Nxc8 Rexc8 38. b7 Rd8 39. bxa8=Q Rxa8 40. d7 h5 41. Qc8+ Qd8 42. Qxd8+ 1-0

[Event "12th Arad Open 2019"]
[Site "Arad"]
[Date "2019.07.31"]
[Round "9.36"]
[White "Weinzettl, Ernst"]
[Black "Magold, Victor"]
[Result "1-0"]
[ECO "B24"]
[WhiteElo "2165"]
[BlackElo "1962"]
[Annotator "NA"]
[PlyCount "55"]
[EventDate "2019.07.24"]
[EventType "swiss"]
[EventCountry "ROU"]
[SourceTitle "playchess.com"]
[Source "ChessBase"]
[SourceQuality "1"]
[TimeControl "40/5400+30:900+30"]

1. e4 c5 2. Nc3 Nc6 3. Bb5 Na5 4. Be2 a6 5. d4 cxd4 6. Qxd4 Nc6 7. Qd3 d6 8. Be3 g6 9. Nd5 Be6 10. Bb6 Qc8 11. Nc7+ Kd7 12. Nxa8 Nb4 13. Qc3 Qxc3+ 14. bxc3 Nxc2+ 15. Kd1 Nxa1 16. Bd4 Nf6 17. Nb6+ Kc7 18. Nd5+ Bxd5 19. exd5 Bh6 20. c4 Rb8 21. Bxa1 b5 22. Bxf6 exf6 23. Nf3 bxc4 24. Kc2 Rb5 25. Bxc4 Rc5 26. Kd3 f5 27. Nd4 Kd8 28. Rb1 1-0

[Event "12th Arad Open 2019"]
[Site "Arad"]
[Date "2019.07.31"]
[Round "9.37"]
[White "Isfan, Ioan-Marius"]
[Black "Panush, Viktor"]
[Result "1-0"]
[ECO "A48"]
[WhiteElo "2164"]
[BlackElo "1957"]
[Annotator "NA"]
[PlyCount "77"]
[EventDate "2019.07.24"]
[EventType "swiss"]
[EventCountry "ROU"]
[SourceTitle "playchess.com"]
[Source "ChessBase"]
[SourceQuality "1"]
[TimeControl "40/5400+30:900+30"]

1. d4 Nf6 2. Nf3 g6 3. Nbd2 Bg7 4. e4 d6 5. Bd3 O-O 6. O-O c5 7. c3 Qc7 8. Re1 cxd4 9. cxd4 Nc6 10. a3 Nd7 11. Nb3 a5 12. Be3 a4 13. Nbd2 e5 14. Rc1 exd4 15. Nxd4 Nc5 16. Nb5 Qe7 17. Nc4 Ne5 18. Bxc5 dxc5 19. Nb6 Qd8 20. Nd5 b6 21. Bf1 Bb7 22. f4 Nc6 23. e5 Nd4 24. Ndc7 Rb8 25. Nxd4 Qxc7 26. Nb5 Qc6 27. Qxa4 Rbd8 28. Rc2 Rd7 29. Qb3 Rfd8 30. Nd6 Rxd6 31. exd6 Qxd6 32. Kh1 Bd4 33. Bc4 Rf8 34. Rce2 Bc6 35. Rf1 Kg7 36. f5 g5 37. f6+ Kg8 38. Qh3 Rd8 39. Bxf7+ 1-0

[Event "12th Arad Open 2019"]
[Site "Arad"]
[Date "2019.07.31"]
[Round "9.38"]
[White "Dobre, Radu-Fabian"]
[Black "Markovic, Franjo-Josip"]
[Result "1-0"]
[ECO "C02"]
[WhiteElo "2004"]
[BlackElo "2160"]
[Annotator "NA"]
[PlyCount "61"]
[EventDate "2019.07.24"]
[EventType "swiss"]
[EventCountry "ROU"]
[SourceTitle "playchess.com"]
[Source "ChessBase"]
[SourceQuality "1"]
[TimeControl "40/5400+30:900+30"]

1. e4 e6 2. d4 d5 3. e5 c5 4. c3 Nc6 5. Nf3 Bd7 6. a3 Nge7 7. Be3 Nf5 8. Bd3 Nxe3 9. fxe3 Be7 10. O-O O-O 11. Nbd2 f6 12. exf6 Bxf6 13. Qc2 h6 14. dxc5 e5 15. e4 d4 16. cxd4 Nxd4 17. Nxd4 exd4 18. Qc4+ Kh8 19. Qd5 Qc7 20. Nf3 Bc6 21. Qh5 Be8 22. Qg4 Qxc5 23. e5 Be7 24. Qe4 g6 25. Rac1 Qb6 26. Nh4 Rxf1+ 27. Rxf1 Kg7 28. e6 Bxh4 29. Qxh4 Qxe6 30. Qxd4+ Kh7 31. Rf8 1-0

[Event "12th Arad Open 2019"]
[Site "Arad"]
[Date "2019.07.31"]
[Round "9.39"]
[White "Dobrin, Ionut-Alexandru"]
[Black "Turlea, Constantin"]
[Result "1-0"]
[ECO "E81"]
[WhiteElo "2142"]
[BlackElo "1938"]
[Annotator "NA"]
[PlyCount "83"]
[EventDate "2019.07.24"]
[EventType "swiss"]
[EventCountry "ROU"]
[SourceTitle "playchess.com"]
[Source "ChessBase"]
[SourceQuality "1"]
[TimeControl "40/5400+30:900+30"]

1. d4 Nf6 2. c4 g6 3. Nc3 Bg7 4. e4 d6 5. f3 O-O 6. Bg5 c5 7. d5 e6 8. Qd2 exd5 9. cxd5 h6 10. Be3 h5 11. Bd3 Re8 12. Nge2 a6 13. a4 Nbd7 14. O-O Rb8 15. Rfb1 Ne5 16. b4 Nxd3 17. Qxd3 Nd7 18. bxc5 Nxc5 19. Bxc5 dxc5 20. Ra2 Bd7 21. a5 Qc7 22. Qc4 Be5 23. g3 h4 24. f4 Bg7 25. Rb6 hxg3 26. hxg3 Qc8 27. e5 Bf5 28. Ne4 Bxe4 29. Qxe4 Qg4 30. e6 fxe6 31. dxe6 Rbd8 32. e7 Rd1+ 33. Kg2 Qh5 34. Ng1 Rxe7 35. Qxe7 Qd5+ 36. Kh3 Qxa2 37. Qe8+ Kh7 38. Qxg6+ Kg8 39. Qe8+ Kh7 40. Qh5+ Kg8 41. Qxd1 Qxa5 42. Qg4 1-0

[Event "12th Arad Open 2019"]
[Site "Arad"]
[Date "2019.07.31"]
[Round "9.40"]
[White "Ciorica, Mihai-Vlad"]
[Black "Anghel, Iulian-Mihai"]
[Result "*"]
[ECO "E20"]
[WhiteElo "2110"]
[BlackElo "1900"]
[Annotator "NA"]
[PlyCount "23"]
[EventDate "2019.07.24"]
[EventType "swiss"]
[EventCountry "ROU"]
[SourceTitle "playchess.com"]
[Source "ChessBase"]
[SourceQuality "1"]
[TimeControl "40/5400+30:900+30"]

1. d4 Nf6 2. c4 e6 3. Nc3 Bb4 4. f3 c5 5. d5 b5 6. e4 O-O 7. e5 Ne8 8. f4 exd5 9. cxd5 d6 10. Nf3 Nc7 11. Bd3 h6 12. Rg1 *

[Event "12th Arad Open 2019"]
[Site "Arad"]
[Date "2019.07.31"]
[Round "9.40"]
[White "Ciorica, Mihai-Vlad"]
[Black "Anghel, Iulian-Mihai"]
[Result "0-1"]
[ECO "E20"]
[WhiteElo "2110"]
[BlackElo "1900"]
[Annotator "NA"]
[PlyCount "62"]
[EventDate "2019.07.24"]
[EventType "swiss"]
[EventCountry "ROU"]
[SourceTitle "playchess.com"]
[Source "ChessBase"]
[SourceQuality "1"]
[TimeControl "40/5400+30:900+30"]

1. d4 Nf6 2. c4 e6 3. Nc3 Bb4 4. f3 c5 5. d5 b5 6. e4 O-O 7. e5 Ne8 8. f4 exd5 9. cxd5 d6 10. Nf3 Nc7 11. Bd3 h6 12. O-O Bxc3 13. bxc3 f5 14. c4 bxc4 15. Bxc4 Ba6 16. Bxa6 Nbxa6 17. Ba3 Kh8 18. e6 Qf6 19. Qd2 Rab8 20. Rab1 Nb5 21. Bb2 Qe7 22. a4 Nbc7 23. Bc3 Nb4 24. Bxb4 cxb4 25. Nd4 Nxd5 26. Nc6 Qxe6 27. Nxb8 Rxb8 28. Rfe1 Qf7 29. Rbd1 Nc3 30. Qxd6 Rb7 31. Rd3 Ne4 0-1